 Dungeon Crawl Stone Soup version 0.22-a0-515-g75794bf (webtiles) character file.

24021 Amnesiac the Slinger (level 12, -10/70 HPs)
             Began as a Spriggan Berserker on June 19, 2018.
             Was a High Priest of Trog.
             Mangled by Rupert
             ... wielding a +2 battleaxe of electrocution
              (16 damage)
             ... on level 14 of the Dungeon.
             The game lasted 00:30:37 (16981 turns).

Amnesiac the Slinger (Spriggan Berserker)          Turns: 16981, Time: 00:30:38

Health: -10/70     AC:  4    Str: 17    XL:     12   Next: 77%
Magic:  0/29       EV: 30    Int:  9    God:    Trog [*****.]
Gold:   1052       SH:  0    Dex: 16    Spells: 11/11 levels left

rFire    . . .     SeeInvis +   a - +0 hunting sling
rCold    . . .     Gourm    .   (shield restricted)
rNeg     . . .     Faith    .   D - +0 troll leather armour
rPois    .         Spirit   +   (helmet restricted)
rElec    .         Reflect  .   (no cloak)
rCorr    .         Harm     .   (gloves unavailable)
MR       +++..                  (boots unavailable)
Stlth    +.........             C - amulet of guardian spirit
HPRegen  0.61/turn              j - ring of magical power
MPRegen  0.21/turn              V - ring of protection from magic

@: very quick
A: very small, unfitting armour, repulsion field 1, see invisible, herbivore,
speed 3, slow metabolism 2, no potion heal 1
a: Berserk, Trog's Hand, Brothers in Arms, Renounce Religion


You were on level 14 of the Dungeon.
You worshipped Trog.
Trog was extremely pleased with you.
You were not hungry.

You visited 2 branches of the dungeon, and saw 15 of its levels.
You also visited: Labyrinth and Ossuary.

You collected 1052 gold pieces.

Inventory:

Hand Weapons
 a - a +0 hunting sling (weapon)
Missiles
 d - 12 tomahawks
 f - 234 stones
 i - 136 sling bullets (quivered)
 m - 2 throwing nets
 s - 5 curare-tipped needles
 F - 32 poisoned needles
Armour
 D - a +0 troll leather armour (worn)
 R - +0 fire dragon scales
Magical Staves
 S - an uncursed staff of air
Jewellery
 j - a ring of magical power (left hand)
 y - the ring "Ifusy" {Int+5 Dex+3}
   (You found it on level 9 of the Dungeon)

   [ring of intelligence]

   It affects your intelligence (+5).
   It affects your dexterity (+3).
 C - an amulet of guardian spirit (around neck)
 I - an uncursed ring of flight
 K - an uncursed amulet of rage
 V - a ring of protection from magic (right hand)
Wands
 k - a wand of flame (76)
 E - a wand of polymorph (8)
 H - a wand of random effects (54)
 M - a wand of digging (1)
 O - a wand of acid (8)
 P - a wand of scattershot (6)
 Q - a wand of iceblast (12)
Scrolls
 b - 3 scrolls of fear {!r}
 e - 5 scrolls of enchant weapon {!r}
 n - 10 scrolls of teleportation {!r}
 p - 2 scrolls of enchant armour {!r}
 A - 2 scrolls of remove curse {!r}
 G - a scroll of summoning {!r}
 T - 3 scrolls of identify {!r}
 U - a scroll of holy word {!r, unknown}
Potions
 g - 4 potions of heal wounds {!q}
 h - 3 potions of resistance {!q}
 l - 4 potions of mutation {!q}
 o - 5 potions of flight {!q}
 q - 2 potions of curing {!q}
 r - 2 potions of agility {!q}
 t - 9 potions of degeneration {!q}
 u - 3 potions of haste {!q}
 v - 2 potions of magic {!q}
 w - 2 potions of lignification {!q}
 x - a potion of invisibility {!q}
 z - a potion of ambrosia {!q}
 B - 3 potions of cancellation {!q}
 J - 2 potions of brilliance {!q}
Miscellaneous
 L - a sack of spiders
 N - a phial of floods
Comestibles
 c - 15 rations


   Skills:
 * Level 11.3 Fighting
   Level 3.2 Short Blades
 - Level 14.0 Slings
 + Level 13.4 Dodging
 + Level 10.5 Evocations


You had 11 spell levels left.
You didn't know any spells.
Your spell library contained the following spells:

 Spells                   Type           Power        Failure   Level  Hunger
 Fireball                 Conj/Fire      #.........   100%        5    ######.
 Apportation              Tloc           #.....       45%         1    ##.....
 Conjure Flame            Conj/Fire      #.......     83%         3    ####...
 Throw Flame              Conj/Fire      #.....       58%         2    ###....
 Controlled Blink         Tloc           N/A          100%        8    #######
 Summon Small Mammal      Summ           #...         45%         1    ##.....
 Sticky Flame             Conj/Fire      #.......     99%         4    #####..
 Summon Ice Beast         Ice/Summ       #.......     99%         4    #####..
 Call Imp                 Summ           #.......     58%         2    ###....
 Airstrike                Air            #.........   99%         4    #####..
 Flame Tongue             Conj/Fire      #....        45%         1    ##.....
 Call Canine Familiar     Summ           #.......     83%         3    ####...
 Silence                  Hex/Air        #.........   100%        5    ######.
 Dispersal                Tloc           #.........   100%        6    #######
 Lee's Rapid Deconstruct  Erth           #.........   100%        5    ######.
 Passage of Golubria      Tloc           N/A          99%         4    #####..
 Tornado                  Air            #.........   100%        9    #######
 Shroud of Golubria       Chrm/Tloc      #.........   58%         2    ###....
 Inner Flame              Hex/Fire       #.......     83%         3    ####...
 Summon Lightning Spire   Summ/Air       #.......     99%         4    #####..
 Summon Guardian Golem    Hex/Summ       #.......     83%         3    ####...
 Lesser Beckoning         Tloc           #.........   83%         3    ####...


Dungeon Overview and Level Annotations

Branches:
Dungeon (14/15)            Temple (1/1) D:6            Lair (0/6) D:9
    Orc (0/2) D:10         Vaults (0/5) D:13

Altars:
Ashenzari
Cheibriados
Dithmenos
Elyvilon
Fedhas
Gozag
Hepliaklqana
Makhleb
Nemelex Xobeh
Okawaru
Qazlal
Ru
Sif Muna
Trog
Uskayaw
Vehumet
Wu Jian
Xom
Yredelemnul
Zin
The Shining One

Annotations:
D:14 Rupert


Innate Abilities, Weirdness & Mutations

You are very small and have problems with some larger weapons.
You are too small for most types of armour.
You have supernaturally acute eyesight. (SInv)
You are a herbivore.
You cover ground extremely quickly.
You need to consume almost no food.
You are surrounded by a mild repulsion field. (EV +2)
Potions are less effective at restoring your health.


Message History

Aim: Rupert, wielding a battleaxe of electrocution and wearing a scale mail (severely wounded)
You shoot a sling bullet.
The sling bullet hits Rupert but does no damage.
Rupert is severely wounded.
Firing (i - inventory. (/) - cycle)
i - 143 sling bullets (quivered)
Press: ? - help, Shift-Dir - straight line, f/p - Rupert
Aim: Rupert, wielding a battleaxe of electrocution and wearing a scale mail (severely wounded)
You shoot a sling bullet. The sling bullet hits Rupert.
Rupert is severely wounded.
Rupert roars madly and goes into a rage!
Rupert goes berserk!
Firing (i - inventory. (/) - cycle)
i - 142 sling bullets (quivered)
Press: ? - help, Shift-Dir - straight line, f/p - Rupert
Aim: Rupert, wielding a battleaxe of electrocution and wearing a scale mail (severely wounded, berserk, fast, unusually strong)
You shoot a sling bullet. The sling bullet hits Rupert.
Rupert is severely wounded.
Firing (i - inventory. (/) - cycle)
i - 141 sling bullets (quivered)
Press: ? - help, Shift-Dir - straight line, f/p - Rupert
Aim: Rupert, wielding a battleaxe of electrocution and wearing a scale mail (severely wounded, berserk, fast, unusually strong)
You shoot a sling bullet. The sling bullet closely misses Rupert.
Firing (i - inventory. (/) - cycle)
i - 140 sling bullets (quivered)
Press: ? - help, Shift-Dir - straight line, f/p - Rupert
Aim: Rupert, wielding a battleaxe of electrocution and wearing a scale mail (severely wounded, berserk, fast, unusually strong)
You shoot a sling bullet. The sling bullet barely misses Rupert.
Rupert rages.
Firing (i - inventory. (/) - cycle)
i - 139 sling bullets (quivered)
Press: ? - help, Shift-Dir - straight line, f/p - Rupert
Aim: Rupert, wielding a battleaxe of electrocution and wearing a scale mail (severely wounded, berserk, fast, unusually strong)
You shoot a sling bullet.
The sling bullet hits Rupert but does no damage.
Rupert is severely wounded.
Rupert hits you with a battleaxe of electrocution!!
The cyclops throws a large rock.
The large rock hits you!!
* * * LOW HITPOINT WARNING * * *
You see here a large rock. 4 ugly things come into view.
The white ugly thing gurgles horribly! x2; You hear a horrible gurgling sound!
The white ugly thing moves out of view.
Found an escape hatch in the ceiling.
A white ugly thing comes into view.
An ugly thing and a necrophage come into view.
The white ugly thing gurgles horribly!
Rupert rages.
There is an open door here.
There is an open door here.
Firing (i - inventory. (/) - cycle)
i - 138 sling bullets (quivered)
Press: ? - help, Shift-Dir - straight line, f/p - Rupert
Aim: Rupert, wielding a battleaxe of electrocution and wearing a scale mail (severely wounded, berserk, fast, unusually strong)
You shoot a sling bullet. The sling bullet barely misses Rupert.
Unknown command.
Firing (i - inventory. (/) - cycle)
i - 137 sling bullets (quivered)
Press: ? - help, Shift-Dir - straight line, f/p - Rupert
Aim: Rupert, wielding a battleaxe of electrocution and wearing a scale mail (severely wounded, berserk, fast, unusually strong)
You shoot a sling bullet.
The sling bullet hits Rupert but does no damage.
Rupert is severely wounded.
Unknown command.
Rupert rages.
You open the door.
A worker ant and a skeleton come into view.
Rupert hits you with a battleaxe of electrocution!!
* * * LOW HITPOINT WARNING * * *
You are electrocuted!
You die...

####### #........ #
#........ .. #........
%.. #......... .aZ.
#......... .=...
#####u........
......###.nu(u.uu.....
......'@@.###....<....
......##### #.........
#+### #(........
##'###### #..## ##..#
###.## #....#
#....######


You could see Rupert (berserk), 3 ugly things, a necrophage, a worker ant
(sleeping) and a centaur warrior skeleton.

Vanquished Creatures
  A centaur warrior (D:13)
  4 two-headed ogres
  Nergalle (D:10)
  2 unseen horrors
  A cyclops (D:11)
  2 manticores
  A moth of wrath (shapeshifter) (D:13)
  A gargoyle (D:13)
  6 centaur skeletons
  2 kobold demonologists
  A troll (D:10)
  Prince Ribbit (D:8)
  A polar bear (D:10)
  6 slime creatures
  2 hippogriffs
  2 redbacks (Lab)
  2 wraiths
  21 yaks
  A vampire (D:12)
  A steam dragon (D:8)
  2 wyverns
  3 hungry ghosts
  Menkaure (D:7)
  2 wargs (D:10)
  A soldier ant (D:14)
  A water moccasin (D:8)
  A black bear (D:7)
  A floating eye (shapeshifter) (D:13)
  5 orc warriors
  2 sky beasts
  4 ice beasts
  7 ogres
  3 wolves (D:10)
  14 centaurs
  7 bullfrogs
  A wyvern zombie (D:9)
  6 scorpions
  12 killer bees
  4 wights (D:6)
  4 howler monkeys
  5 crimson imps
  4 centaur zombies
  4 hounds
  A human zombie (Ossuary)
  10 orc priests
  A jelly (D:8)
  3 bullfrog skeletons
  7 orc wizards
  3 iguanas
  5 worker ants
  A big kobold zombie (Ossuary)
  2 hound skeletons
  5 mummies
  Robin (D:4)
  4 gnolls (D:9)
  9 adders
  3 shadow imps
  5 white imps (D:10)
  An ufetubus (D:10)
  2 oozes
  3 adder skeletons
  4 leopard geckos
  35 orcs
  3 giant cockroaches
  14 goblins
  11 hobgoblins
  5 jackals
  2 kobolds
  6 quokkas
  5 bats (D:2)
  6 frilled lizards
  A gnoll zombie (Ossuary)
  A goblin zombie (Ossuary)
  A hobgoblin zombie (Ossuary)
  A jackal skeleton (D:9)
  A kobold zombie (Ossuary)
  2 quokka skeletons
  5 rats
322 creatures vanquished.

Vanquished Creatures (collateral kills)
  Frances (D:13)
  A minotaur (Lab)
  A two-headed ogre (D:10)
  A troll (D:10)
  A scorpion (D:13)
5 creatures vanquished.

Vanquished Creatures (others)
  A hound (D:11)
  An orc wizard (D:9)
2 creatures vanquished.

Grand Total: 329 creatures vanquished

Notes
Turn   | Place    | Note
-------+----------+-------------------------------------------
     0 | D:1      | Amnesiac the Spriggan Berserker began the quest for the Orb.
     0 | D:1      | Reached XP level 1. HP: 11/11 MP: 2/2
   227 | D:1      | Reached XP level 2. HP: 16/16 MP: 3/3
   702 | D:2      | Reached ** piety under Trog
   975 | D:2      | Reached skill level 5 in Dodging
  1206 | D:2      | Reached XP level 3. HP: 19/20 MP: 4/4
  2770 | D:3      | Reached XP level 4. HP: 4/25 MP: 5/5
  3038 | D:4      | Noticed an ogre
  3039 | D:4      | Noticed an ogre
  3056 | D:4      | Noticed an ogre
  3085 | D:5      | Entered Level 5 of the Dungeon
  3105 | D:5      | Found a radiant altar of Vehumet.
  3110 | D:5      | Found a sacrificial altar of Ru.
  3369 | D:4      | Found an opulent altar of Gozag.
  3370 | D:4      | Found a sparkling altar of Nemelex Xobeh.
  3623 | D:4      | Killed an ogre
  3623 | D:4      | Reached XP level 5. HP: 30/30 MP: 6/6
  3645 | D:4      | Killed an ogre
  3645 | D:4      | Reached XP level 6. HP: 35/35 MP: 7/7
  3662 | D:4      | Noticed Robin
  3689 | D:4      | Killed Robin
  3689 | D:4      | Reached skill level 5 in Fighting
  3712 | D:4      | Found a sand-covered staircase.
  3741 | Ossuary  | Entered an ossuary
  5234 | D:4      | Reached XP level 7. HP: 24/39 MP: 8/8
  5550 | D:5      | Reached skill level 1 in Slings
  5553 | D:5      | Reached *** piety under Trog
  5553 | D:5      | Reached skill level 2 in Slings
  5852 | D:5      | Reached skill level 3 in Slings
  5858 | D:5      | Reached skill level 4 in Slings
  6166 | D:6      | Reached skill level 5 in Slings
  6269 | D:6      | Reached skill level 6 in Slings
  6269 | D:6      | Reached XP level 8. HP: 38/44 MP: 9/9
  6407 | D:6      | Reached skill level 7 in Slings
  6748 | D:6      | Found a staircase to the Ecumenical Temple.
  6989 | Temple   | Entered the Ecumenical Temple
  7263 | D:7      | Reached skill level 8 in Slings
  7445 | D:7      | Reached skill level 9 in Slings
  7469 | D:7      | Noticed Menkaure
  7483 | D:7      | Killed Menkaure
  7507 | D:7      | Received a gift from Trog
  7546 | D:7      | Reached skill level 10 in Slings
  7579 | D:7      | Found a stormy altar of Qazlal.
  7676 | D:7      | Reached XP level 9. HP: 48/48 MP: 10/10
  7988 | D:7      | Reached **** piety under Trog
  8207 | D:7      | Reached skill level 11 in Slings
  8451 | D:8      | Reached skill level 12 in Slings
  8472 | D:8      | Received a gift from Trog
  8550 | D:8      | Reached skill level 1 in Evocations
  8813 | D:8      | Noticed Prince Ribbit
  8833 | D:8      | Noticed a two-headed ogre
  8909 | D:8      | Killed a two-headed ogre
  8909 | D:8      | Reached XP level 10. HP: 31/53 MP: 13/13
  9249 | D:8      | Killed Prince Ribbit
  9396 | D:9      | Noticed a two-headed ogre
  9414 | D:9      | Killed a two-headed ogre
  9492 | D:9      | Reached skill level 5 in Evocations
  9556 | D:9      | Received a gift from Trog
  9658 | D:9      | Gained mutation: You are occasionally teleported next to monsters. [potion of mutation]
  9658 | D:9      | Gained mutation: You have large cloven feet. [potion of mutation]
 10156 | D:9      | Found a staircase to the Lair.
 10351 | D:9      | Reached skill level 13 in Slings
 10352 | D:9      | Reached skill level 10 in Dodging
 10367 | D:9      | Reached ***** piety under Trog
 10464 | D:9      | Found a hide-covered altar of Uskayaw.
 10605 | D:9      | Got a transparent tin ring
 10903 | D:10     | Entered Level 10 of the Dungeon
 10978 | D:10     | Received a gift from Trog
 11020 | D:10     | Identified Oguextie's Volume of Benedictions and Feathers
 11070 | D:10     | Found a staircase to the Orcish Mines.
 11126 | D:10     | Noticed an unseen horror
 11136 | D:10     | Killed an unseen horror
 11136 | D:10     | Reached XP level 11. HP: 39/60 MP: 16/16
 11520 | D:10     | Noticed a two-headed ogre
 11566 | D:10     | Identified the ring "Ifusy" {Int+5 Dex+3} (You found it on level 9 of the Dungeon)
 11703 | D:10     | Killed a two-headed ogre
 11703 | D:10     | Received a gift from Trog
 11732 | D:10     | Lost mutation: You have large cloven feet. [potion of mutation]
 11732 | D:10     | Lost mutation: You are occasionally teleported next to monsters. [potion of mutation]
 11732 | D:10     | Gained mutation: Potions are less effective at restoring your health. [potion of mutation]
 11732 | D:10     | Gained mutation: You are surrounded by a mild repulsion field. (EV +2) [potion of mutation]
 13032 | D:11     | Noticed Nergalle
 13100 | D:10     | Killed Nergalle
 13186 | D:11     | Found a labyrinth entrance.
 13196 | Lab      | Entered a labyrinth
 13547 | Lab      | Noticed a minotaur
 13562 | Lab      | Killed a minotaur
 13571 | Lab      | Identified the Disquisition on Orientation and the Mountains
 13823 | D:11     | Noticed a two-headed ogre
 13860 | D:11     | Killed a two-headed ogre
 13860 | D:11     | Reached skill level 14 in Slings
 14101 | D:11     | Reached XP level 12. HP: 67/67 MP: 19/19
 14139 | D:11     | Reached skill level 10 in Fighting
 15159 | D:12     | You fall through a shaft!
 15192 | D:13     | Noticed Frances
 15218 | D:13     | Killed Frances
 15218 | D:13     | Received a gift from Trog
 15760 | D:13     | Noticed a centaur warrior
 15788 | D:13     | Killed a centaur warrior
 15788 | D:13     | Reached skill level 10 in Evocations
 15959 | D:13     | Found a gate to the Vaults.
 16284 | D:13     | Noticed a two-headed ogre
 16323 | D:13     | Killed a two-headed ogre
 16524 | D:14     | Found a blossoming altar of Fedhas.
 16682 | D:14     | Received a gift from Trog
 16754 | D:14     | Noticed Rupert
 16981 | D:14     | Mangled by Rupert

Vault maps used:
D:1:      saegor_arrival_simple_b
D:3:      wad_lake_hut
D:4:      grunt_temple_overflow_opulence, gup_ossuary_entry_pyramid, uniq_robin
D:5:      minitemple, first_ration, kennysheep_donut, minmay_misc_feat_roman
D:6:      minmay_temple_entry_butterflies, minmay_misc_feat_hallway,
          hangedman_decor_slide_cut
D:7:      nicolae_overflow_hidden_temple, uniq_menkaure
D:8:      uniq_prince_ribbit1
D:9:      lemuel_coloured_pillars_altar, lair_entry_dummy
D:10:     erik_orc_3, serial_ice, serial_ice_b, serial_ice_n, serial_ice_j,
          serial_ice_a
D:11:     lab_entry_generic, uniq_nergalle
D:12:     the_bakery
D:13:     david_vaults_4, uniq_frances
D:14:     basic_altar, fedhas_altar_3, kennysheep_generic_room_5, uniq_rupert,
          uniq_nessos
Temple:   minmay_temple_curvy_branch
Lab:      nicolae_lab_dead_adventurers, nicolae_lab_checkerboard,
          nicolae_lab_plus, labyrinth_glass_1, lab_statue
Ossuary:  ossuary_crypta

Skill      XL: |  1  2  3  4  5  6  7  8  9 10 11 12 |
---------------+-------------------------------------+-----
Fighting       | 3 4 5 6 8 9 11 | 11.3
Dodging        | 5 6 7 9 10 12 13 | 13.4
Slings         | 6 10 12 13 14 | 14.0
Evocations     | 3 6 8 10 | 10.5
Short Blades   | |  3.2

Action                   |  1- 3 |  4- 6 |  7- 9 | 10-12 || total
-------------------------+-------+-------+-------+-------++-------
Melee: Short sword       |   220 |   257 |    20 |       ||   497
       Unarmed           |       |       |       |     1 ||     1
 Fire: Hunting sling     |       |       |   530 |  1687 ||  2217
Throw: Stone             |    14 |     1 |       |       ||    15
       Tomahawk          |       |       |       |     9 ||     9
Invok: Berserk           |       |     1 |       |       ||     1
       Brothers in Arms  |       |       |       |     4 ||     4
Evoke: Wand              |       |     7 |     6 |     7 ||    20
  Use: Scroll            |    11 |     2 |     1 |    12 ||    26
       Potion            |       |       |       |     8 ||     8
 Stab: Sleeping          |     4 |     1 |       |       ||     5
       Distracted        |       |     1 |       |       ||     1
  Eat: Ration            |       |     3 |       |     5 ||     8
Armor: Animal skin       |     7 |       |       |       ||     7
       Robe              |    10 |     9 |     9 |     4 ||    32
       Skin              |       |       |       |    42 ||    42
       Troll leather arm |       |       |       |    22 ||    22
Dodge: Dodged            |   221 |   174 |   159 |   600 ||  1154

Table legend:
 A = Spawn XP
 B = Non-spawn XP
 C = Spawn XP percentage of total XP
 D = Spawn monster count
 E = Non-spawn monster count
 F = Spawn count percentage of total count
 G = Total turns spent on level
                    A         B        C        D         E        F      G
               +---------+---------+-------+---------+---------+-------+---------
         Total |       0 |   34316 |   0.0 |       0 |     329 |   0.0 | 16981
               +---------+---------+-------+---------+---------+-------+---------
           D:1 |       0 |      19 |   0.0 |       0 |      12 |   0.0 |   655
           D:2 |       0 |      24 |   0.0 |       0 |      16 |   0.0 |   878
           D:3 |       0 |      54 |   0.0 |       0 |      14 |   0.0 |  1456
           D:4 |       0 |     530 |   0.0 |       0 |      22 |   0.0 |   976
           D:5 |       0 |     420 |   0.0 |       0 |      12 |   0.0 |   754
           D:6 |       0 |     630 |   0.0 |       0 |      13 |   0.0 |   864
           D:7 |       0 |    1913 |   0.0 |       0 |      30 |   0.0 |  1172
           D:8 |       0 |    2819 |   0.0 |       0 |      21 |   0.0 |   914
           D:9 |       0 |    3175 |   0.0 |       0 |      38 |   0.0 |  1603
          D:10 |       0 |    8335 |   0.0 |       0 |      71 |   0.0 |  2222
          D:11 |       0 |    3449 |   0.0 |       0 |      15 |   0.0 |   956
          D:12 |       0 |    1728 |   0.0 |       0 |      10 |   0.0 |   666
          D:13 |       0 |    9250 |   0.0 |       0 |      36 |   0.0 |  1354
          D:14 |       0 |     624 |   0.0 |       0 |       4 |   0.0 |   468
           Lab |       0 |    1117 |   0.0 |       0 |       3 |   0.0 |   412
       Ossuary |       0 |     229 |   0.0 |       0 |      12 |   0.0 |  1440
               +---------+---------+-------+---------+---------+-------+---------
